cohdb
Replays
Latest Replays
All Replays
Popular Replays
Top Player Replays
Match Explorer
How It Works
Community
CoH3 Stats
Reddit
Sign in to upload your games and track your stats! →
Sign in with Steam
Match 45685357
Unlisted
Match 45685357
Overview
Messages
Build Orders
End
Construct Section Command Post
Royal Engineer Section
Selects Canadian Shock Battlegroup
Infantry Section
Infantry Section
Infantry Section
Construct Platoon Command Post
Humber Armored Car
Construct Field Infirmary
6-pounder Anti-tank Gun Team
Selects Incendiary Munitions
Selects Pyrotechnics
Vickers Machine Gun Team
Infantry Section
Infantry Section
Infantry Training
Construct Company Command Post
Infantry Section
deceiv3r
aSIIDemolitionHammer
Basecoh3 @ Youtube
Gumshoe.Cambro
0
0
Comments
sign in to comment!
No comments posted yet!